 Dungeon Crawl Stone Soup version 0.31-a0-164-g2312942fda (webtiles) character file.

Game seed: 16190031821667639238

135 qw the Shooter (level 5, -2/32 HPs)
             Began as a Gargoyle Hunter on June 13, 2023.
             Slain by an orc priest
             ... wielding a +0 hand axe
              (3 damage)
             ... on level 3 of the Dungeon.
             The game lasted 00:00:52 (2120 turns).

qw the Shooter (Gargoyle Hunter)                    Turns: 2120, Time: 00:00:53

Health: -2/32      AC:  9    Str: 15    XL:     5   Next: 18%
Magic:  5/5        EV: 11    Int:  9    God:
Gold:   159        SH:  0    Dex: 15    Spells: 4/4 levels left

rFire   . . .        Y - +1 shortbow
rCold   . . .        (shield currently unavailable)
rNeg    + . .        c - +0 leather armour
rPois   inf          (no helmet)
rElec   +            j - +0 cloak
rCorr   .            (no gloves)
SInv    .            a - +0 pair of boots
Will    .....        (no amulet)
Stlth   ++           (no ring)
HPRegen 0.25/turn    (no ring)
MPRegen 0.09/turn

%: no passive effects
@: about to teleport
A: sickness immunity, AC +4, negative energy resistance 1, electricity
resistance, torment resistance 1, petrification resistance
a: no special abilities


You were on level 3 of the Dungeon.
You visited 1 branch of the dungeon, and saw 3 of its levels.

You collected 159 gold pieces.


Innate Abilities, Weirdness & Mutations

You are immune to sickness and miasma.
Your stone body is resilient. (AC +4)
You are immune to poison.
You resist negative energy. (rN+)
You are resistant to electric shocks. (rElec)
You are resistant to unholy torment.
You are immune to petrification.


   Skills:
 - Level 3.0 Fighting
 + Level 5.6 Ranged Weapons
 - Level 1.9 Armour
 - Level 1.5 Dodging
 - Level 1.1 Stealth


You had 4 spell levels left.
You didn't know any spells.
Your spell library was empty.

Inventory:

Hand Weapons
 Y - a +1 shortbow (weapon)
Armour
 a - a +0 pair of boots (worn)
 c - a +0 leather armour (worn)
 f - a +0 ring mail
 j - a +0 cloak (worn)
Scrolls
 i - a scroll of identify
Potions
 b - a potion of brilliance {unknown}
 d - a potion of ambrosia {unknown}
 g - a potion of berserk rage {unknown}
 l - 2 potions of heal wounds {unknown}
 m - a potion of attraction {unknown}

Dungeon Overview and Level Annotations

Branches:
Dungeon (3/15)

Altars:

Shops:
D:2 =


Message History

You shoot an arrow. The arrow hits the orc.
The orc is almost dead.
The orc hits you from afar with a +0 trident.
You shoot an arrow. The arrow hits the orc.
You kill the orc!
You start resting.
An orc is nearby!
You shoot an arrow. The arrow barely misses the orc.
The orc throws a boomerang.
The boomerang completely misses you.
You shoot an arrow. The arrow barely misses the orc.
The orc closely misses you.
You shoot an arrow. The arrow barely misses the orc.
The orc closely misses you.
You shoot an arrow. The arrow hits the orc.
The orc is heavily wounded.
The orc hits you with a +0 flail!
You shoot an arrow. The arrow closely misses the orc.
The arrow barely misses the orc priest.
The orc hits you with a +0 flail.
You shoot an arrow. The arrow closely misses the orc.
The orc barely misses you. The orc priest closely misses you.
You shoot an arrow. The arrow closely misses the orc.
The orc hits you with a +0 flail.
The orc priest calls upon Beogh to heal the orc.
The orc's wounds heal themselves!
You shoot an arrow. The arrow hits the orc priest!
The orc priest is heavily wounded.
The orc closely misses you.
The orc priest hits you with a +0 hand axe.
You shoot an arrow. The arrow hits the orc priest.
The orc priest is almost dead.
The orc closely misses you.
The orc priest hits you with a +0 hand axe. x2
The orc hits you but does no damage.
2120 ||| READING scroll of teleportation.
As you read the scroll of teleportation, it crumbles to dust.
You feel strangely unstable. The orc hits you with a +0 flail!
The orc priest hits you with a +0 hand axe.
You die...

#...<...######.####
#.######...........
######.## #.#.#..>....
........#####.#.#.######
#..........#.#.## #
#.:#.####..#....## # #.
#.# #..#.....#### # #)#
#..........##
#@#####.#.....#.##
#oo...........<...
.oo...)o...##.#######>##
#.###.####.##.# #.# #.
.## #.# # # #.# #.. #.#
[##


You could see an orc priest and 2 orcs.

Vanquished Creatures
  2 orc wizards (D:3)
  2 adders (D:3)
  9 orcs (D:3)
  5 bats
  6 endoplasms
  4 giant cockroaches
  6 goblins
  3 hobgoblins (D:1)
  3 quokkas
  4 ball pythons
  2 frilled lizards
  3 kobolds
  5 rats
54 creatures vanquished.

Notes
Turn   | Place    | Note
-------+----------+-------------------------------------------
     0 | D:1      | qw the Gargoyle Hunter began the quest for the Orb.
     0 | D:1      | Reached XP level 1. HP: 12/12 MP: 1/1
     0 | D:1      | 0 ||| qw: Version: 0.2-a-29-gc1b59c4
     0 | D:1      | 0 ||| qw: Game counter: 4614
     0 | D:1      | 0 ||| qw: Always use a shield: true
     0 | D:1      | 0 ||| qw: God list: Okawaru
     0 | D:1      | 0 ||| qw: Allow faded altars: false
     0 | D:1      | 0 ||| qw: Do Orc after D:15 true
     0 | D:1      | 0 ||| qw: Do second Lair branch before Depths: true
     0 | D:1      | 0 ||| qw: Lair rune preference: random
     0 | D:1      | 0 ||| qw: Plans: Normal, Zot:1-4, Slime:5, God:TSO, Crypt,
                  | Tomb, Abyss, Pan, Hells, Win
     0 | D:1      | 0 ||| PLANNING D:1-11
    67 | D:1      | Reached XP level 2. HP: 17/17 MP: 2/2
   590 | D:1      | Reached XP level 3. HP: 21/21 MP: 3/3
   873 | D:1      | 873 ||| UPGRADING to +0 cloak.
   878 | D:1      | 878 ||| READING scroll labelled OCUNNE RIOVOVURCH.
   879 | D:1      | 879 ||| READING scroll labelled XUADYPP SOINO.
   880 | D:1      | 880 ||| READING scroll labelled REEDGH XOTRONUMP.
   881 | D:1      | 881 ||| READING 4 scrolls labelled VOREPO POKEZ.
   882 | D:1      | 882 ||| READING scroll labelled RIOKHL UTOAKHLU.
   883 | D:1      | 883 ||| READING scroll labelled TEQYALESAN.
   884 | D:1      | 884 ||| DROPPING scroll of butterflies.
   885 | D:1      | 885 ||| DROPPING 3 scrolls of amnesia.
   983 | D:2      | 983 ||| FLEEEEING.
   986 | D:2      | 986 ||| FLEEEEING.
   987 | D:2      | 987 ||| FLEEEEING.
   988 | D:2      | 988 ||| FLEEEEING.
   994 | D:2      | Reached skill level 5 in Ranged Weapons
  1100 | D:2      | Found Zouro's Jewellery Shop.
  1106 | D:2      | 1106 ||| SHOPLISTING +6 ring of dexterity (432 gold, have
                  | 71).
  1106 | D:2      | 1106 ||| SHOPLISTING +6 ring of strength (432 gold, have
                  | 71).
  1106 | D:2      | 1106 ||| SHOPLISTING amulet of regeneration (360 gold, have
                  | 71).
  1106 | D:2      | 1106 ||| SHOPLISTING ring of protection from fire (300
                  | gold, have 71).
  1448 | D:2      | 1448 ||| UPGRADING to +0 pair of boots.
  1453 | D:2      | 1453 ||| READING scroll labelled NIQO GANLUMAKITOT.
  1458 | D:2      | 1458 ||| READING scroll labelled PYW FUBOETU.
  1459 | D:2      | 1459 ||| READING scroll labelled VUSCHI JYBINOS.
  1460 | D:2      | 1460 ||| DRINKING 2 puce potions.
  1560 | D:3      | Reached skill level 3 in Fighting
  1598 | D:3      | 1598 ||| FLEEEEING.
  1599 | D:3      | 1599 ||| FLEEEEING.
  1600 | D:3      | 1600 ||| FLEEEEING.
  1601 | D:3      | 1601 ||| FLEEEEING.
  1602 | D:3      | 1602 ||| FLEEEEING.
  1603 | D:3      | 1603 ||| FLEEEEING.
  1604 | D:3      | 1604 ||| FLEEEEING.
  1605 | D:3      | 1605 ||| FLEEEEING.
  1606 | D:3      | 1606 ||| FLEEEEING.
  1607 | D:3      | 1607 ||| FLEEEEING.
  1621 | D:3      | 1621 ||| DRINKING potion of curing.
  1621 | D:3      | 1621 ||| (to cure confusion)
  1626 | D:3      | Reached skill level 1 in Armour
  1626 | D:3      | Reached XP level 4. HP: 13/28 MP: 4/4
  1813 | D:3      | 1813 ||| FLEEEEING.
  1816 | D:3      | 1816 ||| FLEEEEING.
  1817 | D:3      | 1817 ||| FLEEEEING.
  1818 | D:3      | 1818 ||| FLEEEEING.
  1819 | D:3      | 1819 ||| FLEEEEING.
  1820 | D:3      | 1820 ||| FLEEEEING.
  1821 | D:3      | 1821 ||| FLEEEEING.
  1822 | D:3      | 1822 ||| FLEEEEING.
  1883 | D:3      | HP: 5/28 [something (3)]
  1886 | D:3      | HP: 2/28 [something (4)]
  1888 | D:3      | Reached XP level 5. HP: 2/32 MP: 5/5
  2103 | D:3      | 2103 ||| Stepping ~*~*~tactically~*~*~ (outnumbered).
  2105 | D:3      | 2105 ||| Stepping ~*~*~tactically~*~*~ (outnumbered).
  2119 | D:3      | HP: 8/32 [orc priest/+0 hand axe (5)]
  2120 | D:3      | 2120 ||| READING scroll of teleportation.
  2120 | D:3      | HP: 1/32 [orc/+0 flail (7)]
  2120 | D:3      | Slain by an orc priest

Levels and vault maps discovered:
D:1:      dpeg_arrival_leaves_temple_mockup, layout_basic,
          dreamdust_princess_bridge
D:2:      layout_loops_cross, serial_shops, shop
D:3:      layout_loops_ring, mainiacjoe_overflow_alcove_1

Skill      XL: |  1  2  3 |
---------------+----------+-----
Ranged Weapons | 5 |  5.6
Fighting       | 3 |  3.0
Armour         | 1 |  1.9
Dodging        | |  1.5
Stealth        | |  1.1

Action                     |  1- 3 |  4- 6 || total
---------------------------+-------+-------++-------
   Fire: Shortbow          |    94 |    82 ||   176
    Use: Scroll            |     9 |     1 ||    10
         Potion            |     2 |       ||     2
 Armour: Leather armour    |    13 |    24 ||    37
  Dodge: Dodged            |    10 |    20 ||    30

Table legend:
 A = Non-vault XP
 B = Vault XP
 C = Vault XP percentage of total XP
 D = Non-vault monster count
 E = Vault monster count
 F = Vault count percentage of total count
                 A         B        C        D         E       F
            +---------+---------+-------+---------+---------+-------
      Total |     193 |       0 |   0.0 |      54 |       0 |   0.0
            +---------+---------+-------+---------+---------+-------
        D:1 |      38 |       0 |   0.0 |      22 |       0 |   0.0
        D:2 |      15 |       0 |   0.0 |      10 |       0 |   0.0
        D:3 |     140 |       0 |   0.0 |      22 |       0 |   0.0
            +---------+---------+-------+---------+---------+-------
